 Dungeon Crawl Stone Soup version 0.28-a0-1415-g7c84da036a (webtiles) character file.

Game seed: 18284314606869623030

64553 flotson the Fighter (level 14, -9/99 HPs)
             Began as a Demonspawn Gladiator on Jan 8, 2022.
             Was a High Priest of Hepliaklqana.
             Killed by divine providence
             ... invoked by an orc high priest
              (12 damage)
             ... on level 2 of the Orcish Mines.
             The game lasted 00:37:09 (21955 turns).

flotson the Fighter (Demonspawn Gladiator)         Turns: 21955, Time: 00:37:10

Health: -9/99      AC:  7    Str: 23    XL:     14   Next: 72%
Magic:  0/29       EV: 16    Int: 10    God:    Hepliaklqana [*****.]
Gold:   748        SH: 10    Dex: 15    Spells: 13/13 levels left

rFire   . . .      SeeInvis .   a - +10 hand axe of Deflation {vorpal, MP+9}
rCold   . . .      Faith    .   s - +0 buckler
rNeg    + + .      Spirit   +   k - +1 ring mail {rPois}
rPois   +          Reflect  +   c - +0 helmet
rElec   .          Harm     .   (no cloak)
rCorr   .          Rampage  .   e - +0 pair of gloves
Will    +....                   (no boots)
Stlth   +.........              M - amulet "Zixitimi" {Reflect rN++ Str+4 SH+5}
HPRegen 0.26/turn               q - +4 ring of protection
MPRegen 0.42/turn               U - +4 ring of protection

@: corroded
A: reduced essence, magic shield, magic regeneration, demonic touch 2
a: Renounce Religion, Recall Ancestor, Ancestor Identity, Transference, Idealise


You were on level 2 of the Orcish Mines.
You worshipped Hepliaklqana.
Hepliaklqana was extremely pleased with you.
You visited 4 branches of the dungeon, and saw 19 of its levels.
You also visited: Ossuary.

You collected 1712 gold pieces.
You spent 964 gold pieces at shops.

Inventory:

Hand Weapons
 a - the +10 hand axe of Deflation (weapon) {vorpal, MP+9}
   (You bought it in a shop on level 1 of the Orcish Mines)

   It inflicts extra damage upon your enemies.
   MP:        It affects your magic capacity (+9).
 b - a +1 mace of protection
Missiles
 d - 6 throwing nets (quivered)
 j - 12 boomerangs
 F - 5 boomerangs of dispersal
 S - 60 poisoned darts
Armour
 c - a +0 helmet (worn)
 e - a +0 pair of gloves (worn)
 k - a +1 ring mail of poison resistance (worn)
 s - a +0 buckler (worn)
Jewellery
 n - a ring of ice
 q - a +4 ring of protection (left hand)
 t - the ring of Zaowian {rCorr Str+3}
   (You found it on level 6 of the Lair of Beasts)

   [ring of resist corrosion]

   Str:       It affects your strength (+3).
   rCorr:     It protects you from acid and corrosion.
 z - a ring of see invisible
 A - a ring of protection from fire
 M - the amulet "Zixitimi" (around neck) {Reflect rN++ Str+4 SH+5}
   (You found it on level 7 of the Dungeon)

   [amulet of reflection]

   It reflects blocked missile attacks.
   Str:       It affects your strength (+4).
   rN:        It greatly protects you from negative energy.
   SH:        It affects your SH (+5).
 O - a +4 ring of evasion
 U - a +4 ring of protection (right hand)
Wands
 y - a wand of flame (10)
 N - a wand of polymorph (9)
 R - a wand of acid (16)
 T - a wand of iceblast (13)
Scrolls
 f - 2 scrolls of torment {unknown}
 l - 4 scrolls of enchant weapon {unknown}
 r - 5 scrolls of vulnerability {unknown}
 D - 3 scrolls of teleportation
 G - a scroll of fear {unknown}
 I - a scroll of blinking {unknown}
 K - 3 scrolls of fog {unknown}
 L - a scroll of summoning {unknown}
 P - 2 scrolls of noise {unknown}
 V - a scroll of brand weapon {unknown}
 W - a scroll of magic mapping {unknown}
 Y - a scroll of acquirement {unknown}
 Z - a scroll of holy word {unknown}
Potions
 g - 7 potions of curing
 h - 6 potions of might
 i - 3 potions of lignification
 m - 2 potions of magic {unknown}
 o - 2 potions of cancellation {unknown}
 p - 5 potions of attraction
 u - 3 potions of haste
 w - 3 potions of heal wounds
 B - 4 potions of resistance
 C - 3 potions of ambrosia
 E - 7 potions of flight
 H - 2 potions of degeneration {unknown}
 J - 2 potions of berserk rage {unknown}
 Q - a potion of invisibility {unknown}
 X - a potion of mutation {unknown}


   Skills:
 + Level 10.9 Fighting
 + Level 10.2 Axes
 + Level 10.1 Throwing
 + Level 9.8 Armour
 + Level 10.3 Dodging
 + Level 5.5 Shields
 - Level 8.0 Invocations
 + Level 8.7 Evocations


You had 13 spell levels left.
You didn't know any spells.
Your spell library contained the following spells:

 Spells                   Type           Power      Damage    Failure   Level
 Apportation              Tloc           0%         N/A       56%         1
 Pain                     Necr           0%         1d4       56%         1
 Sandblast                Erth           0%         2d4       56%         1
 Shock                    Conj/Air       0%         1d3       56%         1
 Blink                    Tloc           0%         N/A       71%         2
 Passwall                 Tmut/Erth      0%         N/A       71%         2
 Call Canine Familiar     Summ           0%         N/A       91%         3
 Stone Arrow              Conj/Erth      0%         3d7       91%         3
 Swiftness                Air            0%         N/A       91%         3
 Airstrike                Air            0%         N/A       100%        4
 Hailstorm                Conj/Ice       0%         3d3       100%        4
 Ice Form                 Ice/Tmut       0%         N/A       100%        4
 Agony                    Necr           0%         N/A       100%        5
 Alistair's Intoxication  Tmut/Pois      0%         N/A       100%        5
 Excruciating Wounds      Necr           0%         N/A       100%        5
 Manifold Assault         Tloc           0%         N/A       100%        5
 Simulacrum               Ice/Necr       0%         N/A       100%        6
 Monstrous Menagerie      Summ           0%         N/A       100%        7
 Storm Form               Tmut/Air       0%         N/A       100%        7
 Shatter                  Erth           0%         3d5*      100%        9


Dungeon Overview and Level Annotations

Branches:
Dungeon (10/15)            Temple (1/1) D:6            Lair (6/6) D:9
  Swamp (0/4) Lair:2       Spider (0/4) Lair:3        Slime (0/5) Lair:5
    Orc (2/2) D:10            Elf (0/3) Orc:2       Ossuary (visited)

Altars:
Ashenzari
Cheibriados
Dithmenos
Elyvilon
Fedhas
Gozag
Hepliaklqana
Kikubaaqudgha
Makhleb
Nemelex Xobeh
Okawaru
Qazlal
Ru
Sif Muna
Trog
Uskayaw
Vehumet
Wu Jian
Xom
Yredelemnul
Zin
The Shining One

Shops:
Orc:1 (   Orc:2 [!:*


Innate Abilities, Weirdness & Mutations

Your life essence is reduced to manifest your ancestor. (-10% HP)
When hurt, damage is shared between your health and your magic reserves.
You regenerate magic rapidly.
Your touch may inflict irresistible damage on your foes.


Message History

You kill the orc!
The sixfirhy misses you. The sixfirhy hits you! The sixfirhy shocks you!
The sixfirhy hits you. The sixfirhy shocks you! The neqoxec gestures at you.
Something tries to feed on your intellect!
The orc priest calls down the wrath of Beogh upon you.
Pain shoots through your body! You block the orc high priest's attack.
The rust devil hits you! The rust devil corrodes you!
You block the sixfirhy's attack.
You closely miss the orc high priest.
The orc high priest is severely wounded.
You closely miss the orc knight. You hit the rust devil. You hit the neqoxec.
You hit the sixfirhy. You block the neqoxec's attack.
The orc knight closely misses you. The orc priest closely misses you.
The orc high priest hits you with a +1 halberd of protection!
The rust devil hits you. The rust devil corrodes you!
The neqoxec hits you but does no damage.
The orc knight unwields a +0 great sword.
The orc knight wields a +0 arbalest.
The orc knight shoots a bolt.
The bolt barely misses you.
The orc priest hits you from afar with a +0 trident!
The orc high priest hits you but does no damage.
The rust devil misses you.
The orc high priest shouts, "You must be punished!"
You block the sixfirhy's attack. The sixfirhy hits you!
The sixfirhy shocks you! The sixfirhy hits you!
* * * LOW HITPOINT WARNING * * *
The sixfirhy shocks you!
* * * LOW HITPOINT WARNING * * *
There is a stone staircase leading up here.
Unknown command.
The sixfirhy hits you but does no damage.
You block the sixfirhy's attack. The orc warrior closely misses you.
The orc priest mumbles some strange prayers to Beogh against you.
Beogh smites you!
* * * LOW HITPOINT WARNING * * *
The orc priest misses you.
The orc high priest calls down the wrath of Beogh upon you.
Beogh smites you!
You die...

#..## ### ###... ###
.###..##.#..####.#### #
...#.........##....#.###.
#............#...........#.#
........#...................#...
...........<.....................
.......#...........[).......##...
................@o..).........#..
#..............334.))............
#............ooo................
#.#..........)..............R..
##....)>..)...)o...........R#.#
#..)).....................##...
####)###########...............
######.###### #...............
#....)).....### #...............


You could see an orc knight, an orc high priest (strong), a rust devil
(summoned), a sixfirhy (summoned), a neqoxec (summoned), an orc warrior and 2
orc priests.

Vanquished Creatures
  Rupert (Orc:2)
  A fire dragon (Lair:6)
  2 hydras (Lair:4)
  A boulder beetle (Lair:5)
  A catoblepas (Lair:6)
  6 death yaks
  3 two-headed ogres
  Pikel (D:9)
  A lindwurm (Lair:6)
  An orc sorcerer (Orc:2)
  A wolf spider (Lair:6)
  An ugly thing (D:10)
  7 black mambas
  6 elephants (Lair:6)
  2 torpor snails (Lair:6)
  8 cane toads
  6 komodo dragons
  2 rime drakes
  3 trolls
  8 hornets
  2 tyrant leeches
  Prince Ribbit (Lair:2)
  9 blink frogs
  9 dream sheep (Lair:6)
  7 wyverns
  31 yaks
  Eustachio (D:6)
  A steam dragon (D:9)
  A vampire mosquito (D:10)
  2 redbacks (Lair:6)
  A swamp worm (Lair:2)
  Menkaure (Ossuary)
  A warg (Orc:2)
  11 water moccasins
  A sky beast (D:6)
  7 orc warriors
  2 ice beasts
  3 black bears
  3 ogres
  12 wolves
  3 centaurs
  2 lemures (D:9)
  Blork the orc (D:5)
  8 bullfrogs
  4 scorpions
  A gnoll sergeant (D:8)
  A wyvern zombie (D:8)
  A water moccasin skeleton (D:5)
  9 killer bees
  16 wights
  2 electric eels
  3 howler monkeys (D:10)
  2 bullfrog zombies
  A centaur zombie (D:9)
  4 hounds
  2 bullfrog skeletons
  A gnoll shaman (D:4)
  10 orc priests
  2 centaur skeletons
  Jessica (D:3)
  4 iguanas
  9 orc wizards
  A hell rat (D:9)
  2 killer bee zombies
  3 mummies (Ossuary)
  Robin (D:3)
  13 gnolls
  6 adders
  2 river rats (D:9)
  2 shadow imps
  4 ufetubi
  5 worms
  4 dart slugs
  29 orcs
  7 ball pythons
  4 bats
  3 endoplasms
  3 giant cockroaches
  6 gnoll zombies (Ossuary)
  8 hobgoblins
  2 jackals (D:1)
  3 quokkas
  4 frilled lizards
  5 gnoll skeletons (Ossuary)
  12 goblins
  8 goblin skeletons (Ossuary)
  5 goblin zombies (Ossuary)
  3 hobgoblin skeletons (Ossuary)
  5 hobgoblin zombies (Ossuary)
  5 kobolds
  3 kobold skeletons (Ossuary)
  2 kobold zombies (Ossuary)
  3 orc skeletons (Ossuary)
  2 orc zombies (Ossuary)
  5 rats
  3 rat skeletons (Ossuary)
  5 rat zombies (Ossuary)
433 creatures vanquished.

Vanquished Creatures (collateral kills)
  2 catoblepae
  A two-headed ogre (D:10)
  A death yak (Lair:4)
  A wolf spider (Lair:6)
  A manticore (D:10)
  An orc knight (D:10)
  2 orc sorcerers (Orc:2)
  2 oklob plants
  3 elephants (Lair:6)
  7 black mambas
  2 centaur zombies (D:10)
  A guardian serpent (Lair:6)
  2 torpor snails (Lair:6)
  8 cane toads
  A freezing wraith (D:10)
  A rime drake (Lair:3)
  2 komodo dragons
  3 tyrant leeches (Lair:6)
  A troll (Orc:2)
  3 hornets (Lair:6)
  4 blink frogs
  5 dream sheep (Lair:6)
  16 yaks
  7 wyverns
  3 basilisks
  A vampire mosquito (D:10)
  A swamp worm (Lair:2)
  15 water moccasins
  3 orc warriors (Orc:2)
  An ogre (Orc:2)
  14 wolves
  A gnoll sergeant (D:10)
  2 scorpions (Lair:3)
  2 killer bees (D:8)
  An electric eel (Lair:6)
  A wight (D:9)
  A hell rat (D:9)
  3 orc wizards (Orc:2)
  A gnoll (D:10)
  2 worms (Lair:3)
  3 orcs (Orc:2)
132 creatures vanquished.

Vanquished Creatures (others)
  14 battlemagi
  7 ancestors
  A bush (Lair:6)
  42 fungi
  105 plants
  A withered plant (D:1)
170 creatures vanquished.

Grand Total: 735 creatures vanquished

Notes
Turn   | Place    | Note
-------+----------+-------------------------------------------
     0 | D:1      | flotson the Demonspawn Gladiator began the quest for the
                  | Orb.
     0 | D:1      | Reached XP level 1. HP: 16/16 MP: 1/1
    23 | D:1      | Found a faded altar of an unknown god.
   286 | D:1      | Gained mutation: Your touch may inflict minor irresistible
                  | damage on your foes. [demonic ancestry]
   286 | D:1      | Reached XP level 2. HP: 22/22 MP: 2/2
   740 | D:2      | Gained mutation: You regenerate magic rapidly. [demonic
                  | ancestry]
   740 | D:2      | Reached XP level 3. HP: 8/28 MP: 3/3
  1095 | D:2      | Reached skill level 1 in Armour
  1545 | D:3      | Noticed Robin
  1715 | D:3      | Reached XP level 4. HP: 34/34 MP: 4/4
  1725 | D:3      | Killed Robin
  1993 | D:3      | Noticed Jessica
  1996 | D:3      | Killed Jessica
  2133 | D:3      | Noticed an ice beast
  2146 | D:3      | Killed an ice beast
  2147 | D:3      | Reached XP level 5. HP: 23/41 MP: 5/5
  2363 | D:4      | Reached XP level 6. HP: 21/47 MP: 6/6
  2732 | D:4      | Found a sand-covered staircase.
  2741 | Ossuary  | Entered an ossuary
  3085 | Ossuary  | Noticed Menkaure
  3132 | Ossuary  | Killed Menkaure
  3133 | Ossuary  | Reached XP level 7. HP: 34/53 MP: 7/7
  4091 | D:5      | Entered Level 5 of the Dungeon
  4196 | D:5      | Noticed Blork the orc
  4206 | D:5      | Killed Blork the orc
  4579 | D:5      | Gained mutation: When hurt, damage is shared between your
                  | health and your magic reserves. [demonic ancestry]
  4579 | D:5      | Reached XP level 8. HP: 56/61 MP: 8/8
  4942 | D:6      | Noticed Eustachio
  4977 | D:6      | Killed Eustachio
  5060 | D:6      | Found a staircase to the Ecumenical Temple.
  5094 | Temple   | Entered the Ecumenical Temple
  5213 | Temple   | Became a worshipper of Hepliaklqana the Forgotten
  5244 | D:6      | Reached skill level 5 in Axes
  5244 | D:6      | Reached skill level 5 in Dodging
  5400 | D:6      | Reached skill level 5 in Fighting
  6042 | D:6      | Found a sacrificial altar of Ru.
  6042 | D:6      | Found a basalt altar of Yredelemnul.
  6176 | D:7      | Found a broken altar of Ashenzari.
  6604 | D:7      | Reached skill level 5 in Throwing
  6888 | D:7      | Reached XP level 9. HP: 42/68 MP: 9/9
  7185 | D:7      | Identified the amulet "Zixitimi" {Reflect rN++ Str+4 SH+5}
  7491 | D:7      | Reached skill level 5 in Armour
  8873 | D:8      | Found an opulent altar of Gozag.
  8934 | D:8      | Reached * piety under Hepliaklqana
  9440 | D:8      | Reached skill level 1 in Invocations
  9449 | D:8      | Reached skill level 1 in Evocations
  9619 | D:8      | Noticed a two-headed ogre
  9625 | D:8      | Noticed a two-headed ogre
  9640 | D:8      | Killed a two-headed ogre
  9641 | D:8      | Reached XP level 10. HP: 69/69 MP: 11/11
  9662 | D:8      | Killed a two-headed ogre
 10149 | D:9      | Noticed a two-headed ogre
 10176 | D:9      | Killed a two-headed ogre
 10496 | D:9      | Noticed Pikel
 10517 | D:9      | Killed Pikel
 10625 | D:9      | Found a staircase to the Lair.
 10626 | D:9      | Noticed a death yak
 10652 | D:9      | Killed a death yak
 10660 | D:9      | Noticed a death yak
 10675 | D:9      | Noticed a death yak
 10680 | D:9      | Killed a death yak
 10681 | D:9      | Gained mutation: Your touch may inflict irresistible damage
                  | on your foes. [demonic ancestry]
 10681 | D:9      | Reached XP level 11. HP: 59/75 MP: 11/14
 10687 | D:9      | Killed a death yak
 10688 | D:9      | Reached skill level 5 in Invocations
 10891 | D:9      | Got the Disquisition on the Rocks and the Escort
 11263 | D:10     | Entered Level 10 of the Dungeon
 11263 | D:10     | Reached ** piety under Hepliaklqana
 11264 | D:10     | Remembered your ancestor Djefatnebti as a battlemage
 11355 | D:10     | Found a staircase to the Orcish Mines.
 11433 | D:10     | Noticed a two-headed ogre
 11440 | D:10     | Killed a two-headed ogre
 11493 | D:10     | Noticed a skeletal warrior
 11493 | D:10     | Noticed an ogre mage
 11493 | D:10     | Noticed a boulder beetle
 11493 | D:10     | Noticed a centaur warrior
 11505 | D:10     | Noticed a centaur warrior
 11550 | D:10     | Noticed a death drake
 11625 | D:10     | Noticed a death knight
 11659 | D:10     | Noticed an orc knight
 11665 | D:10     | Killed an orc knight
 12010 | D:10     | Noticed a red ugly thing
 12018 | D:10     | Killed a red ugly thing
 12083 | D:10     | Noticed a satyr
 12138 | Lair:1   | Entered Level 1 of the Lair of Beasts
 12358 | Lair:1   | Reached *** piety under Hepliaklqana
 12366 | Lair:1   | Reached skill level 5 in Evocations
 12626 | Lair:1   | Reached XP level 12. HP: 64/84 MP: 14/17
 13145 | Lair:2   | Noticed Prince Ribbit
 13152 | Lair:2   | Killed Prince Ribbit
 13361 | Lair:2   | Reached **** piety under Hepliaklqana
 13382 | Lair:2   | Found a staircase to the Swamp.
 13860 | Lair:3   | Found a hole to the Spider Nest.
 14265 | Lair:3   | Reached skill level 1 in Shields
 14389 | Lair:3   | You fall into a shaft and drop 2 floors!
 14716 | Lair:5   | Noticed a boulder beetle
 14735 | Lair:5   | Killed a boulder beetle
 14736 | Lair:5   | Reached XP level 13. HP: 79/90 MP: 15/19
 15569 | Lair:3   | Reached ***** piety under Hepliaklqana
 16844 | Lair:5   | Found a staircase to the Slime Pits.
 17361 | Lair:6   | Entered Level 6 of the Lair of Beasts
 17722 | Lair:6   | Reached skill level 10 in Fighting
 18208 | Lair:6   | Reached XP level 14. HP: 79/99 MP: 18/20
 19286 | Lair:6   | Found a runed translucent door.
 19331 | Lair:6   | Reached skill level 10 in Dodging
 19341 | Lair:6   | Paralysed by a hornet for 2 turns
 19342 | Lair:6   | Reached skill level 5 in Shields
 19342 | Lair:6   | HP: 3/99 [tyrant leech (5)]
 19462 | Lair:6   | Reached skill level 10 in Axes
 20321 | Lair:6   | Identified the ring of Zaowian {rCorr Str+3}
 20970 | Lair:6   | Reached skill level 10 in Throwing
 21205 | Orc:1    | Entered Level 1 of the Orcish Mines
 21205 | Orc:1    | Found Wirytygi's Weapon Boutique.
 21232 | Orc:1    | Bought the +10 hand axe of Deflation {vorpal, MP+9} for 964
                  | gold pieces
 21452 | Orc:2    | Entered Level 2 of the Orcish Mines
 21452 | Orc:2    | Found a staircase to the Elven Halls.
 21614 | Orc:2    | Noticed Rupert
 21809 | Orc:2    | Found Donateyblu's General Store.
 21810 | Orc:2    | Paralysed by Rupert for 7 turns
 21821 | Orc:2    | Killed Rupert
 21822 | Orc:2    | Found Jeaheol's Armour Emporium.
 21822 | Orc:2    | Found Magel's Distillery.
 21834 | Orc:2    | Found Reol's Book Boutique.
 21955 | Orc:2    | HP: 3/99 [orc priest/divine providence (11)]
 21955 | Orc:2    | Killed from afar by an orc high priest

Illustrated notes

Levels and vault maps discovered:
D:1:      mushboom_english_gardens, layout_rooms,
          ebering_ecumenical_altar_petrified, nrook_uturn, item_on_display_a
D:2:      kennysheep_big_flooded_room, layout_loops_cross, minivault_24,
          st_stairs_1, glass_columns_c
D:3:      layout_rooms, uniq_robin, uniq_jessica
D:4:      layout_layer_cave, chequers_ossuary_entry_cave
D:5:      layout_rooms, uniq_blork_the_orc
D:6:      layout_loops_ring, gammafunk_temple_overflow_elements,
          minmay_temple_entry_mini_moons, uniq_eustachio
D:7:      minmay_recursive_quarters, layout_cave_pools,
          mainiacjoe_overflow_alcove_4
D:8:      layout_basic, nicolae_gozag_seed_capital
D:9:      layout_small_grid, dpeg_lair_monsters, uniq_pikel
D:10:     minmay_bloctagon_deflated, layout_long_grid, orc_0_dummy, minivault_12
Temple:   mainiacjoe_temple_coin_purse
Lair:1:   layout_concentric_octagons, minivault_19, guppyfry_lair_drakes,
          grunt_megastairs_4, lemuel_fruit_tree
Lair:2:   layout_regular_city, minmay_swamp_entry_worms,
          minmay_lair_oklob_items, cheibrodos_lair_caveside_slide, minivault_24,
          uniq_prince_ribbit2
Lair:3:   layout_small_grid, nicolae_spider_entry_non_spiders,
          infiniplex_staircase_pool_2, grunt_megastairs_5, serial_bayou_shore_b
Lair:4:   layout_hall_layers, serial_bayou_shore_a
Lair:5:   layout_cave_pods, minmay_slime_entry_oklob_enclosed
Lair:6:   wormcave, layout_gridlike, hangedman_lair_tendril_chambers,
          grunt_megastairs_3, infiniplex_staircase_pool
Orc:1:    layout_caves, serial_shops, nicolae_shop_stone, shop, abandoned_shop,
          abandoned_shop
Orc:2:    st_orc_elflike, layout_caves, serial_shops, nicolae_diamond_shop,
          nicolae_orc_pool_cavern, uniq_rupert

Skill      XL: |  1  2  3  4  5  6  7  8  9 10 11 12 13 14 |
---------------+-------------------------------------------+-----
Throwing       | 2 3 4 5 6 7 8 9 10 | 10.1
Axes           | 3 4 5 6 7 8 9 10 | 10.2
Dodging        | 3 4 5 6 7 8 9 10 | 10.3
Armour         | 1 2 3 4 5 6 7 8 9 |  9.8
Fighting       | 3 4 5 6 7 8 9 10 | 10.9
Invocations    | 2 4 7 8 |  8.0
Evocations     | 1 3 5 6 7 8 |  8.7
Shields        | 2 4 5 |  5.5

Action                   |  1- 3 |  4- 6 |  7- 9 | 10-12 | 13-15 || total
-------------------------+-------+-------+-------+-------+-------++-------
Melee: War axe           |   102 |    14 |    32 |   398 |   410 ||   956
       Touch             |     8 |    39 |    73 |    69 |       ||   189
       Mace              |       |   186 |   338 |       |       ||   524
       Punch             |       |     5 |     4 |     5 |       ||    14
       Scimitar          |       |       |    42 |       |       ||    42
       Hand axe          |       |       |       |       |    81 ||    81
Throw: Throwing net      |       |     1 |       |     2 |     1 ||     4
       Boomerang         |       |     2 |    17 |    68 |    55 ||   142
Invok: Ancestor Life: Ba |       |       |       |     1 |       ||     1
       Recall Ancestor   |       |       |       |     1 |     1 ||     2
Evoke: Wand              |       |     3 |       |       |     1 ||     4
  Use: Scroll            |       |       |       |     9 |     7 ||    16
       Potion            |       |       |       |       |     4 ||     4
 Stab: Distracted        |       |       |     1 |     5 |    16 ||    22
       Held in net/web   |       |       |       |     1 |       ||     1
       Sleeping          |       |       |       |     1 |       ||     1
Armor: Ring mail         |    36 |    65 |   222 |     3 |   109 ||   435
       Leather armour    |     3 |       |       |       |       ||     3
       Troll leather arm |       |       |       |    82 |       ||    82
Dodge: Dodged            |    75 |    98 |   387 |   357 |   373 ||  1290
Block: Other             |       |       |    27 |    66 |       ||    93
       Buckler           |       |       |       |    75 |   254 ||   329
       Reflection        |       |       |       |     1 |     1 ||     2

Table legend: (Time is in decaauts)
 A = Elapsed time spent in this place.
 B = Non-inter-level travel time spent in this place.
 C = Inter-level travel time spent in this place.
 D = Time resting spent in this place.
 E = Time spent auto-exploring this place.
 F = Levels seen in this place.
 G = Mean time per level.
                   A        B        C        D        E       F      G
               +--------+--------+--------+--------+--------+-----+--------+
         Total |  22254 |  21489 |    765 |    755 |  16488 |  20 | 1112.7 |
       Dungeon |  11466 |  11026 |    440 |    284 |   8495 |  10 | 1146.6 |
        Temple |    132 |    106 |     26 |      0 |     92 |   1 |  132.0 |
          Lair |   9130 |   8846 |    284 |    306 |   7030 |   6 | 1521.7 |
  Orcish Mines |    734 |    720 |     14 |    165 |    395 |   2 |  367.0 |
       Ossuary |    789 |    789 |      0 |      0 |    476 |   1 |  789.0 |
               +--------+--------+--------+--------+--------+-----+--------+

Top non-repeatable levels by time:
  Lair:6: 3605 daAuts
     D:6: 1945 daAuts
     D:7: 1716 daAuts
     D:8: 1640 daAuts
  Lair:5: 1501 daAuts
  Lair:3: 1194 daAuts
  Lair:4: 1183 daAuts
     D:9: 1180 daAuts
     D:2: 1084 daAuts
     D:4: 1044 daAuts
  Lair:2: 893 daAuts
    D:10: 877 daAuts
 Ossuary: 789 daAuts
  Lair:1: 752 daAuts
     D:5: 705 daAuts
